 Dungeon Crawl Stone Soup version 0.27-a0-67-g4bfc8a49e1 (webtiles) character file.

Game seed: 16748847964521438597

693 Borgoz the Cudgeller (level 7, -12/60 HPs)
             Began as a Minotaur Gladiator on Jan 9, 2021.
             Killed by divine providence
             ... invoked by an orc priest
              (13 damage)
             ... on level 5 of the Dungeon.
             The game lasted 00:05:35 (4703 turns).

Borgoz the Cudgeller (Minotaur Gladiator)           Turns: 4703, Time: 00:05:36

Health: -12/60     AC:  7    Str: 19    XL:     7   Next: 37%
Magic:  6/6        EV: 13    Int:  5    God:
Gold:   223        SH:  0    Dex: 13    Spells: 6/6 levels left

rFire    . . .     SeeInvis .   a - +1 flail
rCold    . . .     Faith    .   (no shield)
rNeg     . . .     Spirit   .   h - +0 ring mail
rPois    .         Reflect  .   c - +0 hat
rElec    .         Harm     .   r - +0 cloak
rCorr    .         Rampage  .   (no gloves)
Will     +....                  (no boots)
Stlth    +.........             (no amulet)
HPRegen  0.20/turn              i - ring of willpower
MPRegen  0.10/turn              (no ring)

@: no status effects
A: retaliatory headbutt, horns 2
a: no special abilities


You were on level 5 of the Dungeon.
You visited 1 branch of the dungeon, and saw 5 of its levels.

You collected 223 gold pieces.

Inventory:

Hand Weapons
 a - a +1 flail (weapon)
Missiles
 d - a throwing net (quivered)
Armour
 c - a +0 hat (worn)
 h - a +0 ring mail (worn)
 r - a +0 cloak (worn)
Jewellery
 i - a ring of willpower (left hand)
Scrolls
 f - a scroll of identify
 j - 2 scrolls of enchant weapon
 m - 3 scrolls of teleportation {unknown}
 o - 2 scrolls of enchant armour {unknown}
 p - 2 scrolls of remove curse {unknown}
 q - a scroll of immolation {unknown}
 s - a scroll of amnesia {unknown}
Potions
 b - 5 potions of might
 e - a potion of ambrosia
 l - a potion of brilliance
 n - a potion of attraction {unknown}
 t - a potion of mutation


   Skills:
 + Level 4.9 Fighting
 * Level 7.1 Maces & Flails
 - Level 2.0 Throwing
 + Level 4.0 Armour
 + Level 5.1 Dodging


You had 6 spell levels left.
You didn't know any spells.
Your spell library was empty.

Dungeon Overview and Level Annotations

Branches:
Dungeon (5/15)
 Temple: D:4-7

Altars:


Innate Abilities, Weirdness & Mutations

You reflexively headbutt those who attack you in melee.
You have a pair of horns on your head.


Message History

The throwing net barely misses the ice beast.
The ice beast closely misses you. You furiously retaliate!
You headbutt the ice beast.
You kill the ice beast!
Your Maces & Flails skill increases to level 7!
Your Armour skill increases to level 4!
An orc comes into view. It is wielding a -2 morningstar.
The orc shouts!
You hear a shout!
An orc priest comes into view. It is wielding a +0 hand axe.
An orc comes into view. It is wielding a +0 flail.
The orc priest shouts!
The orc shouts!
An orc comes into view. It is wielding a -2 dagger.
You see here a scroll of identify.
f - a scroll of identify The orc priest calls down the wrath of Beogh upon you.
Pain shoots through your body!
* * * LOW HITPOINT WARNING * * *
The orc priest invokes the aid of Beogh against you.
Beogh smites you!
You die...

#. #.#####.#
#####.### #.# #.#
......o(# #.# #.#
.....oo.# #.# #.#
........#####.#####.#
........#..)).......#
.......o#.####.######
........#.#..#.#
.......@#...<#.#
........######.#
.............|.#
.....$..########
#########


You could see an orc priest and 3 orcs.

Vanquished Creatures
  An ice beast (D:5)
  An ogre (D:4)
  A howler monkey (D:4)
  A bullfrog skeleton (D:4)
  3 orc priests
  Crazy Yiuf (D:3)
  2 orc wizards
  Terence (D:3)
  A worker ant (D:4)
  A hound skeleton (D:4)
  3 gnolls (D:3)
  3 adders (D:3)
  An ooze (D:2)
  2 worms (D:3)
  6 dart slugs
  3 leopard geckos
  17 orcs
  4 giant cockroaches
  10 goblins
  5 hobgoblins
  20 jackals
  10 kobolds
  3 quokkas
  5 bats
  4 frilled lizards
  2 jackal skeletons (D:4)
  3 leopard gecko skeletons (D:4)
  14 rats
128 creatures vanquished.

Notes
Turn   | Place    | Note
-------+----------+-------------------------------------------
     0 | D:1      | Borgoz the Minotaur Gladiator began the quest for the Orb.
     0 | D:1      | Reached XP level 1. HP: 18/18 MP: 0/0
   157 | D:1      | Reached XP level 2. HP: 25/25 MP: 1/1
   164 | D:1      | Reached skill level 4 in Maces & Flails
   438 | D:1      | Reached skill level 1 in Armour
   632 | D:1      | Reached XP level 3. HP: 30/30 MP: 2/2
  1464 | D:2      | Reached XP level 4. HP: 38/38 MP: 3/3
  1602 | D:3      | Noticed Terence
  1619 | D:3      | Killed Terence
  1892 | D:3      | Reached skill level 5 in Maces & Flails
  2050 | D:3      | Reached XP level 5. HP: 39/45 MP: 4/4
  2692 | D:3      | Found a runed translucent door.
  2693 | D:3      | Noticed Crazy Yiuf
  2831 | D:3      | Killed Crazy Yiuf
  3297 | D:4      | Noticed an ogre
  3304 | D:4      | Killed an ogre
  3305 | D:4      | Reached skill level 6 in Maces & Flails
  3305 | D:4      | Reached XP level 6. HP: 43/52 MP: 5/5
  3650 | D:4      | HP: 1/53 [orc priest/divine providence (13)]
  4029 | D:4      | Reached XP level 7. HP: 36/60 MP: 6/6
  4478 | D:5      | Entered Level 5 of the Dungeon
  4497 | D:5      | Reached skill level 5 in Dodging
  4693 | D:5      | HP: 2/60 [ice beast (10)]
  4696 | D:5      | Reached skill level 7 in Maces & Flails
  4702 | D:5      | HP: 1/60 [orc priest/nerve-wracking pain (3)]
  4703 | D:5      | Killed from afar by an orc priest

Illustrated notes

Levels and vault maps discovered:
D:1:      minmay_arrival_radiant_lines, layout_basic,
          wad_floor_pattern_untrapped, minmay_cupped
D:2:      layout_loops_ring, minmay_misc_feat_chi, chequers_garden,
          chequers_serial_rivers_small_a
D:3:      minmay_chambers_of_threes, layout_basic, uniq_terence,
          uniq_crazy_yiuf_cottage
D:4:      layout_basic
D:5:      layout_basic, uniq_prince_ribbit1, uniq_grinder

Skill      XL: |  1  2  3  4  5  6  7 |
---------------+----------------------+-----
Maces & Flails | 4 5 6 7 |  7.1
Armour         | 1 2 3 4 |  4.0
Fighting       | 3 4 |  4.9
Dodging        | 4 5 |  5.1
Throwing       | |  2.0

Action                   |  1- 3 |  4- 6 |  7- 9 || total
-------------------------+-------+-------+-------++-------
Melee: Flail             |   114 |   162 |    38 ||   314
       Headbutt          |    18 |    26 |     3 ||    47
Throw: Throwing net      |       |     1 |     3 ||     4
  Use: Scroll            |     1 |     5 |       ||     6
       Potion            |       |     3 |       ||     3
 Stab: Distracted        |     1 |       |       ||     1
Armor: Leather armour    |     4 |       |       ||     4
       Ring mail         |    39 |    40 |    14 ||    93
Dodge: Dodged            |    89 |   107 |    16 ||   212

Table legend: (Time is in decaauts)
 A = Elapsed time spent in this place.
 B = Non-inter-level travel time spent in this place.
 C = Inter-level travel time spent in this place.
 D = Time resting spent in this place.
 E = Time spent auto-exploring this place.
 F = Levels seen in this place.
 G = Mean time per level.
                   A        B        C        D        E       F      G
               +--------+--------+--------+--------+--------+-----+--------+
         Total |   4748 |   4645 |    103 |   1027 |   2844 |   5 |  949.6 |
       Dungeon |   4748 |   4645 |    103 |   1027 |   2844 |   5 |  949.6 |
               +--------+--------+--------+--------+--------+-----+--------+

Top non-repeatable levels by time:
     D:4: 1575 daAuts
     D:3: 1320 daAuts
     D:1: 880 daAuts
     D:2: 745 daAuts
     D:5: 226 daAuts
